 Dungeon Sprint DCSS version 0.31-a0-435-g2c6fae2916 (webtiles) character file.

Game seed: 12108752469564741731

19779 rocky1 the Wrestler (level 12, -4/200 (227) HPs)
             Began as a Naga Shapeshifter on Aug 2, 2023.
             Was an Initiate of Gozag.
             Slain by a profane servitor
             ... wielding a +3 whip
              (22 damage)
             ... in the Dungeon (Sprint VII: "The Pits").
             The game lasted 00:23:03 (5574 turns).

rocky1 the Wrestler (Naga Shapeshifter)             Turns: 5574, Time: 00:23:05

HP:   -4/200 (227)  AC: 12    Str: 27    XL:     12   Next: 72%
MP:   0/12          EV: 13    Int: 14    God:    Gozag
Gold: 503           SH:  8    Dex: 10    Spells: 11/11 levels left

rFire   + +          .
                       - Unarmed
rCold   x . .        (shield currently unavailable)
rNeg    . . .        f - melded +3 ring mail
rPois   +            (helmet currently unavailable)
rElec   .            t - melded +0 cloak
rCorr   .            v - melded +0 pair of gloves
SInv    +            (no barding)
Will    +....        x - brooch of Shielding {Spirit SH+8} Stlth
                     H - +4 ring of slaying
HPRegen 0.53/turn    o - +3 ring of evasion
MPRegen 0.13/turn

%: no teleportation, guardian spirit
@: brilliant, berserking, dragon-form, flying, wreathed by umbra, heavily
drained, very quick
A: dragon claw, dragon scales, breathe fire, flying, boosted hp, AC +4, giant,
see invisible, (deformed body), (poison resistance), (slowness 2), spit poison
1, (naga tail 1), clumsy 1
a: Spit Poison, Breathe Fire, Begin Untransformation, Renounce Religion, Potion
Petition, Call Merchant, Bribe Branch


You were in the Dungeon.
You worshipped Gozag.
Gozag was pleased with you.
You were a fearsome dragon!
You visited 1 branch You collected 7819 gold pieces.
You spent 2390 gold pieces at shops.
You paid 4926 gold pieces to Gozag.

Inventory:

Missiles
 i - 2 javelins
 w - 3 throwing nets
Armour
 f - a +3 ring mail (melded)
 t - a +0 cloak (melded)
 v - a +0 pair of gloves (melded)
Jewellery
 o - a +3 ring of evasion (right foreclaw)
 x - the brooch of Shielding (around neck) {Spirit SH+8}
   (You bought it in a shop in the Dungeon)

   [amulet of guardian spirit]

   It causes incoming damage to be divided between your reserves of health and
   magic.
   SH:        It affects your SH (+8).
 H - a +4 ring of slaying (left foreclaw)
Talismans
 a - a blade talisman
 c - a beast talisman
 m - a serpent talisman
 r - a dragon-blood talisman (active)
 F - a maw talisman
Wands
 n - a wand of mindburst (11)
 y - a wand of roots (7)
 D - a wand of paralysis (5)
Scrolls
 j - 2 scrolls of enchant armour
 k - 7 scrolls of amnesia
 p - 4 scrolls of blinking
 z - 2 scrolls of identify
 A - 2 scrolls of fear
 B - a scroll of fog
 E - a scroll of poison
 I - 2 scrolls of silence
Potions
 b - a potion of lignification
 d - 5 potions of curing
 g - 4 potions of magic
 h - 2 potions of berserk rage
 l - a potion of resistance
 s - a potion of might
 C - a potion of mutation


   Skills:
 * Level 9.2 Fighting
 + Level 2.7 Armour
 + Level 9.7 Dodging
 + Level 14.5 Stealth
 - Level 5.0 Shields
 + Level 21.6 Unarmed Combat
 - Level 0.3 Evocations
 + Level 13.8 Shapeshifting


You had 11 spell levels left.
You didn't know any spells.
Your spell library was empty.

Dungeon Overview and Level Annotations

Branches:
Dungeon (1/1)

Altars:
Ashenzari
Cheibriados
Dithmenos
Elyvilon
Fedhas
Gozag
Hepliaklqana
Kikubaaqudgha
Makhleb
Nemelex Xobeh
Okawaru
Qazlal
Ru
Sif Muna
Trog
Uskayaw
Vehumet
Wu Jian
Xom
Yredelemnul
Zin
The Shining One
Jiyva
Lugonu

Shops:
D ==?*=


Innate Abilities, Weirdness & Mutations

You are a fearsome dragon!
You have a powerful clawing attack.
Your giant scaled body is strong and resiliant, but less evasive.
You can breathe fire.
You are flying.
Your maximum health is greatly increased.
Your armour is entirely melded.
You are incapable of wielding weapons or throwing items.
((Your serpentine skin is tough. (AC +4)))
You have supernaturally acute eyesight. (SInv)
((Armour fits poorly on your strangely shaped body.))
((Your system is resistant to poisons. (rPois)))
((You cover ground very slowly.))
You can spit poison.
((You have a snake-like lower body.))
You are clumsy. (Dex -2)


Message History

* * * LOW HITPOINT WARNING * * *
Okay, then.
Unknown command.
Unknown command.
Unknown command.
Unknown command.
You feel much better.
The profane servitor hits you but does no damage.
The profane servitor hits you with a +3 whip.
* * * LOW HITPOINT WARNING * * *
You feel drained.
Unknown command.
You feel much better.
The profane servitor hits you with a +3 whip!
The profane servitor draws strength from your injuries!
The profane servitor hits you but does no damage.
The profane servitor barely misses you.
The profane servitor hits you with a +3 whip.
You feel clever all of a sudden.
The spriggan air mage hits you but does no damage.
You block the profane servitor's attack.
The profane servitor hits you with a +3 whip!
* * * LOW HITPOINT WARNING * * *
You feel much better.
The profane servitor hits you with a +3 whip!
* * * LOW HITPOINT WARNING * * *
The profane servitor draws strength from your injuries!
The profane servitor closely misses you.
The spriggan air mage misses you.
The profane servitor hits you with a +3 whip!!
* * * LOW HITPOINT WARNING * * *
The profane servitor draws strength from your injuries!
The profane servitor hits you but does no damage.
A red film seems to cover your vision as you go berserk!
You feel yourself moving faster!
You feel mighty!
You have got your breath back.
The spriggan air mage barely misses you.
The profane servitor hits you with a +3 whip!!
You die...
Your body crumbles into a pile of gold.

###########..#....#..#
.........''..........#
.........''..........#
#######..##..#....#..# #3
#..##..........+ $ #E
#.A##..........+ $ $
#$#..####''####++# $
#$i.####iA####++##########
#4#..##...D..##............
#########..##.#'##.##............
...........##.#.)+.##..##########
...........## +.)#.##..#
++########## #).'.##..#
++########## +.)#.##..#
.......##..# ##+#.##..#
#......##..# ##..# .......''..#
#..#


You could see a profane servitor and a spriggan air mage (repels missiles).

Vanquished Creatures
  A nagaraja (D)
  A frost giant (D)
  A merfolk javelineer (D)
  Josephine (D)
  Harold (D)
  A rakshasa (D)
  A merfolk aquamancer (D)
  2 demonic crawlers (D)
  A fire crab (D)
  A swamp dragon (D)
  2 slime creatures (D)
  A phantasmal warrior (D)
  A deep elf pyromancer (D)
  A manticore (D)
  Maurice (D)
  Joseph (D)
  A molten gargoyle (D)
  An elephant (D)
  An orange demon (D)
  2 komodo dragons (D)
  A freezing wraith (D)
  An unseen horror (D)
  A red devil (D)
  A guardian mummy (D)
  4 merfolk (D)
  An efreet (D)
  A tyrant leech (D)
  A snapping turtle (D)
  13 blink frogs (D)
  A ynoxinul (D)
  Sigmund (D)
  A vampire (D)
  A wyvern (D)
  4 wraiths (D)
  2 neqoxecs (D)
  3 water elementals (D)
  An acid dragon (D)
  A water moccasin (D)
  2 floating eyes (D)
  2 ice beasts (D)
  2 orc warriors (D)
  A swamp drake (D)
  A black bear (D)
  An ogre (D)
  A kobold brigand (D)
  A scorpion (D)
  10 killer bees (D)
  A gnoll bouda (D)
  A quasit (D)
  2 orc priests (D)
  A hound (D)
  Ijyb (D)
  3 orc wizards (D)
  A hell rat (D)
  2 mummies (D)
  A gnoll (D)
  A river rat (D)
  An ufetubus (D)
  An adder zombie (D)
  An adder skeleton (D)
  6 orcs (D)
  2 ball pythons (D)
  2 bats (D)
  2 endoplasms (D)
  A giant cockroach (D)
  2 goblins (D)
  A kobold (D)
  A ball python skeleton (D)
117 creatures vanquished.

Vanquished Creatures (others)
  An adder zombie (D)
1 creature vanquished.

Grand Total: 118 creatures vanquished

Notes
Turn   | Place    | Note
-------+----------+-------------------------------------------
     0 | D        | rocky1 the Naga Shapeshifter began the quest for the Orb.
     0 | D        | Reached XP level 1. HP: 18/18 MP: 1/1
    24 | D        | Found a bloodstained altar of Trog.
    24 | D        | Found a shimmering blue altar of Sif Muna.
    24 | D        | Found a viscous altar of Jiyva.
    24 | D        | Found a hazy altar of Hepliaklqana.
    24 | D        | Found an opulent altar of Gozag.
    25 | D        | Found a glowing golden altar of the Shining One.
    25 | D        | Found a glowing silver altar of Zin.
    25 | D        | Found a basalt altar of Yredelemnul.
    25 | D        | Found a shimmering altar of Xom.
    25 | D        | Found an ornate altar of the Wu Jian Council.
    25 | D        | Found a sacrificial altar of Ru.
    25 | D        | Found a stormy altar of Qazlal.
    25 | D        | Found an iron altar of Okawaru.
    25 | D        | Found a sparkling altar of Nemelex Xobeh.
    25 | D        | Found a burning altar of Makhleb.
    25 | D        | Found a blossoming altar of Fedhas.
    25 | D        | Found a white marble altar of Elyvilon.
    25 | D        | Found a shadowy altar of Dithmenos.
    25 | D        | Found a snail-covered altar of Cheibriados.
    28 | D        | Found a corrupted altar of Lugonu.
    28 | D        | Found a radiant altar of Vehumet.
    29 | D        | Found an ancient bone altar of Kikubaaqudgha.
    29 | D        | Found a hide-covered altar of Uskayaw.
    29 | D        | Found a broken altar of Ashenzari.
    32 | D        | Became a worshipper of Gozag Ym Sagoz the Greedy
    72 | D        | Reached XP level 2. HP: 25/25 MP: 2/2
   500 | D        | Noticed a floating eye
   503 | D        | Paralysed by a floating eye for 3 turns
   508 | D        | Reached skill level 4 in Unarmed Combat
   508 | D        | Reached skill level 5 in Shapeshifting
   508 | D        | Reached XP level 3. HP: 31/31 MP: 3/3
   509 | D        | Killed a floating eye
   510 | D        | Reached skill level 1 in Stealth
   510 | D        | Reached skill level 6 in Unarmed Combat
   510 | D        | Reached XP level 4. HP: 39/39 MP: 4/4
   510 | D        | Reached XP level 5. HP: 45/45 MP: 5/5
   512 | D        | Noticed an orc warrior
   527 | D        | Killed an orc warrior
   528 | D        | Reached skill level 7 in Unarmed Combat
   528 | D        | Reached XP level 6. HP: 23/52 MP: 6/6
   726 | D        | Noticed an orc warrior
   737 | D        | Reached skill level 8 in Unarmed Combat
   745 | D        | Killed an orc warrior
   752 | D        | Reached skill level 5 in Stealth
   752 | D        | Reached skill level 9 in Unarmed Combat
   756 | D        | Reached XP level 7. HP: 47/61 MP: 7/7
   919 | D        | Bought a serpent talisman for 520 gold pieces
   930 | D        | Reached skill level 10 in Unarmed Combat
   933 | D        | Noticed an unseen horror
   936 | D        | Killed an unseen horror
   937 | D        | Reached skill level 1 in Armour
   937 | D        | Reached skill level 11 in Unarmed Combat
   939 | D        | Noticed Ijyb
   950 | D        | Reached XP level 8. HP: 69/69 MP: 8/8
   953 | D        | Killed Ijyb
   954 | D        | Reached skill level 5 in Dodging
  1087 | D        | Noticed Sigmund
  1099 | D        | Killed Sigmund
  1100 | D        | Reached skill level 12 in Unarmed Combat
  1206 | D        | Noticed Harold
  1220 | D        | Killed Harold
  1221 | D        | Reached skill level 13 in Unarmed Combat
  1221 | D        | Reached XP level 9. HP: 66/78 MP: 9/9
  1409 | D        | Noticed a freezing wraith
  1420 | D        | Killed a freezing wraith
  1421 | D        | Reached skill level 14 in Unarmed Combat
  1421 | D        | Reached skill level 10 in Shapeshifting
  1431 | D        | Reached skill level 15 in Unarmed Combat
  1437 | D        | HP: 2/96 [blink frog (8)]
  1902 | D        | Reached skill level 5 in Fighting
  1910 | D        | Reached XP level 10. HP: 88/88 MP: 10/10
  2263 | D        | Bought the brooch of Shielding {Spirit SH+8} for 910 gold
                  | pieces
  2263 | D        | Found the brooch of Shielding {Spirit SH+8}
  2283 | D        | Reached skill level 16 in Unarmed Combat
  2324 | D        | Noticed a deep elf pyromancer
  2325 | D        | Noticed an orange demon
  2328 | D        | Killed a deep elf pyromancer
  2329 | D        | Reached skill level 10 in Stealth
  2329 | D        | Noticed Maurice
  2335 | D        | Killed an orange demon
  2343 | D        | Killed Maurice
  2344 | D        | Reached skill level 17 in Unarmed Combat
  2544 | D        | Noticed a fire crab
  2549 | D        | Gained mutation: You are clumsy. (Dex -2) [a neqoxec]
  2551 | D        | Noticed a merfolk javelineer
  2553 | D        | Killed a fire crab
  2554 | D        | Reached skill level 1 in Shields
  2742 | D        | Killed a merfolk javelineer
  2743 | D        | Reached XP level 11. HP: 64/97 MP: 5/11
  2764 | D        | Reached skill level 18 in Unarmed Combat
  2782 | D        | Noticed Josephine
  2795 | D        | Killed Josephine
  3168 | D        | Noticed a manticore
  3188 | D        | Reached skill level 19 in Unarmed Combat
  3205 | D        | Noticed a demonic crawler
  3209 | D        | Killed a demonic crawler
  3215 | D        | Noticed Joseph
  3218 | D        | Killed a manticore
  3232 | D        | Noticed a frost giant
  3235 | D        | HP: 3/118 [blink frog (6)]
  3248 | D        | Killed a frost giant
  3249 | D        | Reached skill level 20 in Unarmed Combat
  3269 | D        | Killed Joseph
  3270 | D        | Reached XP level 12. HP: 67/106 MP: 4/12
  3579 | D        | Bought a scroll of silence for 123 gold pieces
  3579 | D        | Bought a scroll of fear for 52 gold pieces
  3579 | D        | Bought a scroll of silence for 123 gold pieces
  3596 | D        | Bought a scroll of blinking for 142 gold pieces
  3670 | D        | Noticed a demonic crawler
  3789 | D        | Killed a demonic crawler
  3871 | D        | Reached skill level 5 in Shields
  3993 | D        | Noticed a rakshasa
  4006 | D        | HP: 3/110 [metal wall collision (14)]
  4008 | D        | Killed a rakshasa
  4579 | D        | Reached skill level 21 in Unarmed Combat
  4889 | D        | Bought a blade talisman for 520 gold pieces
  5020 | D        | Noticed a nagaraja
  5034 | D        | Killed a nagaraja
  5533 | D        | Noticed a merfolk aquamancer
  5534 | D        | Killed a merfolk aquamancer
  5538 | D        | Noticed a profane servitor
  5539 | D        | Noticed a spriggan air mage
  5569 | D        | HP: 1/136 [spriggan air mage/the air (23)]
  5574 | D        | Slain by a profane servitor

Illustrated notes

Levels and vault maps discovered:
D:        pitsprint [storerooms_1, entrance_room_1, metal_vault_6, armoury_2,
          mini_pit_1, grid_room_1, main_hall_1, silver_pit, the_coven_1,
          the_vestibule_1, steel_vault_2, golden_pit, hallway_of_sentries,
          crystal_vault_6, iron_vault_4, final_vault]

Skill      XL: |  1  2  3  4  5  6  7  8  9 10 11 12 |
---------------+-------------------------------------+-----
Shapeshifting  | 4 5 6 7 8 9 10 11 13 | 13.8
Dodging        | 2 3 4 5 6 7 8 9 |  9.7
Unarmed Combat | 4 6 7 9 11 13 15 17 20 21 | 21.6
Stealth        | 1 3 5 7 8 9 12 13 14 | 14.5
Fighting       | 2 3 4 5 6 9 |  9.2
Armour         | 1 2 |  2.7
Shields        | 1 4 5 |  5.0
Evocations     | |  0.3

Action                     |  1- 3 |  4- 6 |  7- 9 | 10-12 || total
---------------------------+-------+-------+-------+-------++-------
  Melee: Unarmed           |    21 |    35 |    74 |   238 ||   368
         Punch             |       |     3 |     1 |     9 ||    13
         Constrict         |       |       |    15 |    27 ||    42
         Maw               |       |       |       |    12 ||    12
         Tailslap          |       |       |       |     2 ||     2
 Invoke: Call Merchant     |       |       |     1 |     4 ||     5
         Potion Petition   |       |       |       |     1 ||     1
Ability: Spit Poison       |     1 |     1 |       |     2 ||     4
         Breathe Fire      |       |       |       |     2 ||     2
  Evoke: Wand              |       |       |     1 |       ||     1
    Use: Potion            |     2 |     2 |     1 |    25 ||    30
         Scroll            |       |       |       |     4 ||     4
   Stab: Sleeping          |     1 |       |     3 |     5 ||     9
         Invisible         |       |     1 |       |     2 ||     3
         Distracted        |       |       |       |     1 ||     1
 Armour: Animal skin       |     1 |     1 |       |       ||     2
         Ring mail         |       |    10 |     8 |       ||    18
         Skin              |       |       |    12 |    39 ||    51
  Dodge: Dodged            |     7 |    15 |    40 |   105 ||   167
  Block: Other             |       |       |       |    64 ||    64
   Form: Anaconda          |       |       |     1 |     2 ||     3
         Maw               |       |       |       |     2 ||     2
         Blade             |       |       |       |     1 ||     1
         Dragon            |       |       |       |     1 ||     1
         Beast             |       |       |       |     1 ||     1

Table legend: (Time is in decaauts)
 A = Elapsed time spent in this place.
 B = Non-inter-level travel time spent in this place.
 C = Inter-level travel time spent in this place.
 D = Time resting spent in this place.
 E = Time spent auto-exploring this place.
 F = Levels seen in this place.
 G = Mean time per level.
                   A        B        C        D        E       F      G
               +--------+--------+--------+--------+--------+-----+--------+
         Total |   5631 |   5556 |     75 |   3913 |      0 |   1 | 5631.0 |
       Dungeon |   5631 |   5556 |     75 |   3913 |      0 |   1 | 5631.0 |
               +--------+--------+--------+--------+--------+-----+--------+

Top non-repeatable levels by time:
       D: 5631 daAuts
